 Dungeon Crawl Stone Soup version 0.20.0-15-g7f486f2 (webtiles) character file.

375 sankara the Digger (level 6, -8/45 HPs)
             Began as a Draconian Earth Elementalist on June 25, 2017.
             Killed by nerve-wracking pain
             ... invoked by an orc priest
              (9 damage)
             ... on level 3 of the Dungeon.
             The game lasted 00:11:06 (3267 turns).

sankara the Digger (Draconian Earth Elementalist)   Turns: 3267, Time: 00:11:07

Health: -8/45      AC: 13    Str: 10    XL:     6   Next: 44%
Magic:  4/11       EV: 12    Int: 16    God:
Gold:   151        SH:  3    Dex: 13    Spells: 6/12 levels left

rFire    . . .     SeeInvis .   a - +0 dagger
rCold    . . .     Gourm    .   e - +0 buckler
rNeg     . . .     Faith    .   (armour unavailable)
rPois    +         Spirit   .   (helmet restricted)
rElec    .         Reflect  .   (no cloak)
rCorr    .         Harm     .   (no gloves)
MR       .....                  q - +0 pair of boots
Stlth    ++........             (no amulet)
Regen    0.2/turn               j - +6 ring of protection
MPRegen  0.2/turn               k - ring of poison resistance

@: no status effects
A: unfitting armour, cold-blooded, AC +6
a: no special abilities


You were on level 3 of the Dungeon.
You were not hungry.

You visited 1 branch of the dungeon, and saw 3 of its levels.
You also visited: Sewer.

You collected 151 gold pieces.

Inventory:

Hand Weapons
 a - a +0 dagger (weapon)
Missiles
 z - 8 stones (quivered)
Armour
 e - a +0 buckler (worn)
 q - a +0 pair of boots (worn)
Magical Staves
 b - an uncursed staff of wizardry
Jewellery
 j - a +6 ring of protection (left hand)
 k - a ring of poison resistance (right hand)
 u - an uncursed ring of ice
Wands
 r - a wand of lightning (6/15)
 s - a wand of confusion (19/48)
 v - a wand of paralysis (12/24)
Scrolls
 f - 2 scrolls of fear
 g - a scroll of immolation {unknown}
 h - a scroll of identify
 i - a scroll of teleportation {unknown}
 l - 2 scrolls of enchant armour {unknown}
 m - 2 scrolls of amnesia {unknown}
 p - 3 scrolls of remove curse
 t - a scroll of blinking {unknown}
 y - a scroll of magic mapping {unknown}
Potions
 w - a potion of berserk rage {unknown}
 x - 2 potions of magic {unknown}
Books
 d - a book of Geomancy

   Spells                             Type                      Level
   a - Sandblast                      Earth                        1
   b - Passwall                       Transmutation/Earth          2
   c - Stone Arrow                    Conjuration/Earth            3
   d - Petrify                        Transmutation/Earth          4
   e - Lee's Rapid Deconstruction     Earth                        5
Comestibles
 c - 5 bread rations
 n - a fruit
 o - 6 chunks of flesh


   Skills:
 + Level 0.0 Fighting
 + Level 3.5 Dodging
 - Level 1.7 Stealth
 + Level 3.6 Spellcasting
 + Level 1.0 Conjurations
 - Level 1.0 Transmutations
 + Level 5.3 Earth Magic


You had 6 spell levels left.
You knew the following spells:

 Your Spells              Type           Power        Failure   Level  Hunger
a - Sandblast             Erth           ###...       3%          1    None
b - Passwall              Tmut/Erth      ##........   12%         2    ##.....
c - Stone Arrow           Conj/Erth      ##....       24%         3    ###....


Dungeon Overview and Level Annotations

Branches:
Dungeon (3/15)

Altars:
Cheibriados
Fedhas
Gozag
Vehumet


Innate Abilities, Weirdness & Mutations

Your plain brown scales are hard. (AC +6)
You cannot fit into any form of body armour.
You are cold-blooded and may be slowed by cold attacks.


Message History

Press: ? - help, Shift-Dir - straight line, f/p - orc priest
Aim: an orc priest, wielding a dagger and wearing a leather armour (severely wounded)
The blast of sand hits the orc priest.
The orc priest is severely wounded.
z - 9 stones The orc priest calls down the wrath of Beogh upon you.
Beogh smites you!
* * * LOW HITPOINT WARNING * * *
Unknown command.
Casting: Sandblast
Confirm with . or Enter, or press ? or * to list all spells.
Aiming: Sandblast
Press: ? - help, Shift-Dir - straight line, f/p - orc priest
Aim: an orc priest, wielding a dagger and wearing a leather armour (severely wounded)
The blast of sand hits the orc priest.
The orc priest is almost dead.
z - 8 stones The orc priest invokes the aid of Beogh against you.
Pain shoots through your body!
You die...

#.# #. #.. #.# #. #.# #.# #. #.#
########.###. #.# ...........##
#.# ########.#.## #.# #.#.## #o#
#.#.# #@###########.#.##
#.................
#####################......[....
#.<.......................#.#.##
#####################.###.#.#.#
####.###.#.#.##
###...>..........
..#.######.#.#..# #.#.# #.#.....


You could see an orc priest.

Vanquished Creatures
  Grinder (D:3)
  A crocodile (Sewer)
  A gnoll (D:1)
  An adder (D:2)
  A dart slug (D:1)
  7 leopard geckos
  2 orcs (D:3)
  11 bats
  2 giant cockroaches (D:3)
  8 goblins
  5 hobgoblins
  10 jackals
  3 quokkas (D:3)
  2 frilled lizards
  A kobold (D:2)
  6 rats
62 creatures vanquished.

Notes
Turn   | Place    | Note
-------+----------+-------------------------------------------
     0 | D:1      | sankara the Draconian Earth Elementalist began the quest for the Orb.
     0 | D:1      | Reached XP level 1. HP: 14/14 MP: 3/3
    46 | D:1      | Reached XP level 2. HP: 11/20 MP: 0/5
   705 | D:1      | Reached XP level 3. HP: 5/26 MP: 0/6
   812 | D:1      | Learned a level 2 spell: Passwall
  1603 | D:2      | Found an opulent altar of Gozag.
  1755 | D:2      | Found a radiant altar of Vehumet.
  1760 | D:2      | Found a blossoming altar of Fedhas.
  1763 | D:2      | Found a snail-covered altar of Cheibriados.
  1980 | D:3      | Noticed Grinder
  2020 | D:3      | Killed Grinder
  2020 | D:3      | Reached skill level 5 in Earth Magic
  2020 | D:3      | Reached XP level 4. HP: 9/33 MP: 0/9
  2020 | D:3      | Reached XP level 5. HP: 11/38 MP: 0/10
  2227 | D:3      | Learned a level 3 spell: Stone Arrow
  2318 | D:3      | Reached XP level 6. HP: 45/45 MP: 11/11
  2392 | D:3      | Found a glowing drain.
  2424 | Sewer    | Entered a sewer
  3192 | D:3      | Reached skill level 1 in Conjurations
  3266 | D:3      | HP: 1/45 [orc priest/divine providence (15)]
  3267 | D:3      | Killed from afar by an orc priest

Skill      XL: |  1  2  3  4  5  6 |
---------------+-------------------+-----
Dodging        | 2 3 |  3.5
Spellcasting   | 3 |  3.6
Earth Magic    | 5 |  5.3
Conjurations   | 1 |  1.0
Stealth        | |  1.7
Transmutations | |  1.0

Action                   |  1- 3 |  4- 6 || total
-------------------------+-------+-------++-------
Melee: Unarmed           |     8 |       ||     8
       Tailslap          |    13 |    12 ||    25
       Whip              |    72 |       ||    72
       Dagger            |    91 |   152 ||   243
 Cast: Sandblast         |    19 |    17 ||    36
       Stone Arrow       |       |     1 ||     1
  Use: Scroll            |       |     3 ||     3
 Stab: Sleeping          |     3 |     4 ||     7
  Eat: Chunk             |     4 |     4 ||     8
Armor: Skin              |    79 |    89 ||   168
Dodge: Dodged            |   127 |   148 ||   275
Block: Buckler           |    24 |    30 ||    54
